[ AOE2 MATCH · #479714721 ]
Team RMAztecs vs Japanese
[ REPLAY ANALYSIS · EXTRACTED FROM THE RECORDED GAME ]
Feudal
—
Castle
—
Imperial
—
| APM avg | 17.0 |
| APM peak | 56 |
| eAPM avg | 15.2 |
| Villagers / military | 171 / 249 |
Focus
⚔️ 43.4% · 🌾 56.6%
Spearman ×124 · Jaguar Warrior ×45 · Scorpion ×27 · Eagle Scout ×24 · Battering Ram ×16 · Mangonel ×13
Feudal
—
Castle
—
Imperial
—
| APM avg | 13.1 |
| APM peak | 57 |
| eAPM avg | 11.6 |
| Villagers / military | 130 / 297 |
Focus
⚔️ 23.7% · 🌾 76.3%
Militia ×148 · Samurai ×144 · Trade Cart ×40 · Trebuchet (Packed) ×5
Feudal
—
Castle
—
Imperial
—
| APM avg | 0.2 |
| APM peak | 12 |
| eAPM avg | 0.2 |
| Villagers / military | 3 / 0 |
Focus
⚔️ 0.0% · 🌾 100.0%
Feudal
—
Castle
—
Imperial
—
| APM avg | 17.9 |
| APM peak | 67 |
| eAPM avg | 11.6 |
| Villagers / military | 102 / 205 |
Focus
⚔️ 26.0% · 🌾 74.0%
Militia ×107 · Camel Scout ×49 · Knight ×23 · Camel Archer ×20 · Trebuchet (Packed) ×5 · Trade Cart ×2
Match map
Initial resources + every placement click. Lines = walls · curves = elevation contours. ◆ gold · ⬟ stone · ● berries · ✦ relic · ◌ wall gap
Your base· Open — opponent sealed themselves in
raybae2000's base· Open — unwalled flank
Kacanovskis_LV's base· Open — unwalled flank
Bourny96's base· Open — unwalled flank
Smoothed initial terrain · ◌ = detected wall gap · hover for details
Inputs per minute
— frizboum - - raybae2000
Build order — frizboum
First 150 of 607 actions detected
| 0:02 | Create | Villager (Male) |
| 0:09 | Build | House |
| 0:15 | Research | Loom |
| 0:17 | Create | Villager (Male) |
| 0:17 | Create | Villager (Male) |
| 0:18 | Create | Villager (Male) |
| 1:20 | Build | Palisade Wall |
| 1:31 | Build | Palisade Gate |
| 2:08 | Build | House |
| 2:33 | Create | Villager (Male) |
| 2:51 | Build | Lumber Camp |
| 2:54 | Build | House |
| 2:55 | Build | House |
| 3:07 | Create | Villager (Male) |
| 3:26 | Create | Villager (Male) |
| 4:07 | Create | Villager (Male) |
| 5:22 | Create | Villager (Male) |
| 5:23 | Create | Villager (Male) |
| 5:57 | Create | Villager (Male) |
| 5:57 | Create | Villager (Male) |
| 6:11 | Create | Villager (Male) |
| 6:25 | Build | Mill |
| 6:28 | Create | Villager (Male) |
| 7:13 | Build | Mill |
| 7:32 | Create | Villager (Male) |
| 7:34 | Create | Villager (Male) |
| 8:16 | Create | Villager (Male) |
| 8:50 | Create | Villager (Male) |
| 8:50 | Create | Villager (Male) |
| 9:29 | Create | Villager (Male) |
| 9:49 | Build | Mill |
| 10:05 | Create | Villager (Male) |
| 10:26 | Create | Villager (Male) |
| 10:26 | Create | Villager (Male) |
| 10:39 | Build | House |
| 10:40 | Build | House |
| 10:41 | Build | House |
| 11:25 | Research | Feudal Age |
| 12:06 | Create | Villager (Male) |
| 12:07 | Create | Villager (Male) |
| 13:00 | Build | Mining Camp |
| 13:23 | Create | Villager (Male) |
| 13:34 | Create | Villager (Male) |
| 14:23 | Build | Mining Camp |
| 14:28 | Create | Villager (Male) |
| 15:32 | Create | Villager (Male) |
| 15:33 | Create | Villager (Male) |
| 16:08 | Create | Villager (Male) |
| 16:22 | Build | Market |
| 16:42 | Create | Villager (Male) |
| 16:59 | Build | Blacksmith |
| 17:36 | Research | Castle Age |
| 17:42 | Research | Horse Collar |
| 18:00 | Build | Farm |
| 18:02 | Build | Farm |
| 18:09 | Build | Farm |
| 18:10 | Build | Farm |
| 18:13 | Build | Farm |
| 18:14 | Build | Farm |
| 18:24 | Create | Villager (Male) |
| 18:34 | Build | Farm |
| 18:35 | Build | Farm |
| 18:43 | Build | Farm |
| 18:52 | Build | Farm |
| 19:11 | Build | Farm |
| 19:16 | Create | Villager (Male) |
| 19:24 | Build | Farm |
| 19:35 | Research | Double-Bit Axe |
| 19:55 | Build | House |
| 19:56 | Build | House |
| 19:58 | Build | House |
| 20:00 | Build | House |
| 20:37 | Build | Town Center |
| 20:42 | Research | Forging |
| 20:43 | Research | Scale Mail Armor |
| 20:48 | Create | Villager (Male) |
| 20:49 | Create | Villager (Male) |
| 21:23 | Research | Heavy Plow |
| 21:41 | Create | Villager (Male) |
| 21:54 | Build | Town Center |
| 21:59 | Create | Villager (Male) |
| 22:00 | Create | Villager (Male) |
| 22:07 | Build | Farm |
| 22:09 | Create | Villager (Male) |
| 22:47 | Research | Bow Saw |
| 23:00 | Create | Villager (Male) |
| 23:09 | Create | Villager (Male) |
| 23:20 | Build | Siege Workshop |
| 23:25 | Create | Villager (Male) |
| 23:31 | Create | Villager (Male) |
| 23:57 | Create | Villager (Male) |
| 23:57 | Create | Villager (Male) |
| 23:57 | Create | Villager (Male) |
| 24:09 | Create | Villager (Male) |
| 24:10 | Create | Villager (Male) |
| 24:15 | Create | Battering Ram |
| 24:15 | Create | Battering Ram |
| 24:15 | Create | Battering Ram |
| 24:16 | Create | Battering Ram |
| 24:16 | Create | Battering Ram |
| 24:24 | Create | Villager (Male) |
| 24:31 | Create | Villager (Male) |
| 24:42 | Build | University |
| 24:48 | Build | House |
| 24:49 | Build | House |
| 24:51 | Build | House |
| 24:52 | Build | House |
| 24:54 | Build | House |
| 24:56 | Create | Villager (Male) |
| 24:58 | Create | Villager (Male) |
| 25:07 | Create | Villager (Male) |
| 25:20 | Build | Farm |
| 25:21 | Build | Farm |
| 25:23 | Create | Villager (Male) |
| 25:31 | Create | Villager (Male) |
| 25:39 | Build | Farm |
| 25:40 | Build | Farm |
| 25:42 | Build | Farm |
| 25:46 | Build | Farm |
| 25:48 | Build | Farm |
| 25:49 | Build | Farm |
| 25:53 | Create | Villager (Male) |
| 25:54 | Create | Villager (Male) |
| 26:10 | Create | Battering Ram |
| 26:10 | Create | Battering Ram |
| 26:11 | Create | Battering Ram |
| 26:14 | Create | Villager (Male) |
| 26:15 | Create | Villager (Male) |
| 26:17 | Create | Villager (Male) |
| 26:32 | Build | Farm |
| 26:34 | Build | Farm |
| 26:36 | Build | Farm |
| 26:37 | Build | Farm |
| 26:38 | Build | Farm |
| 26:42 | Build | Farm |
| 26:44 | Build | Farm |
| 26:45 | Build | Farm |
| 26:49 | Build | Farm |
| 26:51 | Build | Farm |
| 26:53 | Build | Farm |
| 26:59 | Build | Stone Wall |
| 27:04 | Research | Wheelbarrow |
| 27:08 | Create | Villager (Male) |
| 27:08 | Create | Villager (Male) |
| 27:16 | Create | Villager (Male) |
| 27:20 | Create | Battering Ram |
| 27:20 | Create | Battering Ram |
| 27:20 | Create | Battering Ram |
| 27:23 | Create | Scorpion |
| 27:23 | Create | Scorpion |
Build order — raybae2000
First 150 of 376 actions detected
| 0:03 | Build | House |
| 0:04 | Build | House |
| 0:10 | Research | Loom |
| 0:11 | Create | Villager (Male) |
| 0:11 | Create | Villager (Male) |
| 0:11 | Create | Villager (Male) |
| 0:12 | Create | Villager (Male) |
| 0:12 | Create | Villager (Male) |
| 1:52 | Build | Palisade Wall |
| 2:23 | Create | Villager (Male) |
| 2:56 | Create | Villager (Male) |
| 3:15 | Create | Villager (Male) |
| 3:54 | Build | House |
| 3:55 | Build | House |
| 3:57 | Build | Mill |
| 3:59 | Create | Villager (Male) |
| 4:00 | Create | Villager (Male) |
| 4:48 | Create | Villager (Male) |
| 5:59 | Create | Villager (Male) |
| 7:45 | Create | Villager (Male) |
| 7:46 | Create | Villager (Male) |
| 7:47 | Create | Villager (Male) |
| 7:47 | Create | Villager (Male) |
| 7:47 | Create | Villager (Male) |
| 7:48 | Create | Villager (Male) |
| 8:46 | Create | Villager (Male) |
| 8:55 | Create | Villager (Male) |
| 9:49 | Build | House |
| 9:50 | Build | House |
| 9:52 | Build | Lumber Camp |
| 11:04 | Create | Villager (Male) |
| 11:04 | Create | Villager (Male) |
| 11:52 | Build | Mining Camp |
| 11:56 | Create | Villager (Male) |
| 12:26 | Research | Feudal Age |
| 13:08 | Create | Villager (Male) |
| 13:08 | Create | Villager (Male) |
| 13:26 | Build | Barracks |
| 14:50 | Build | Market |
| 15:01 | Build | Blacksmith |
| 15:12 | Create | Villager (Male) |
| 15:13 | Create | Villager (Male) |
| 16:18 | Create | Villager (Male) |
| 16:59 | Create | Villager (Male) |
| 17:30 | Create | Villager (Male) |
| 17:54 | Research | Castle Age |
| 18:49 | Research | Double-Bit Axe |
| 19:15 | Research | Gold Mining |
| 19:37 | Research | Horse Collar |
| 20:15 | Research | Stone Mining |
| 20:22 | Create | Villager (Male) |
| 20:39 | Build | Town Center |
| 20:46 | Build | Town Center |
| 21:04 | Build | Farm |
| 21:08 | Build | Farm |
| 21:10 | Build | Farm |
| 21:11 | Build | Farm |
| 21:14 | Build | House |
| 21:15 | Build | House |
| 21:16 | Build | House |
| 21:17 | Build | House |
| 21:18 | Build | House |
| 21:19 | Build | House |
| 21:20 | Build | House |
| 21:20 | Build | House |
| 21:30 | Create | Villager (Male) |
| 21:30 | Create | Villager (Male) |
| 21:41 | Research | Bow Saw |
| 21:49 | Research | Heavy Plow |
| 21:59 | Build | Farm |
| 22:17 | Build | Farm |
| 22:25 | Build | Farm |
| 22:26 | Create | Villager (Male) |
| 22:27 | Create | Villager (Male) |
| 22:36 | Build | Farm |
| 22:45 | Build | Farm |
| 22:54 | Build | Farm |
| 22:56 | Create | Villager (Male) |
| 23:16 | Research | Gold Shaft Mining |
| 23:19 | Build | Farm |
| 23:22 | Create | Villager (Male) |
| 23:29 | Build | Farm |
| 23:43 | Build | Farm |
| 23:46 | Create | Villager (Male) |
| 23:46 | Create | Villager (Male) |
| 23:53 | Create | Villager (Male) |
| 23:54 | Create | Villager (Male) |
| 23:57 | Create | Villager (Male) |
| 24:06 | Build | Farm |
| 24:09 | Build | Farm |
| 24:11 | Create | Villager (Male) |
| 24:20 | Create | Villager (Male) |
| 24:26 | Build | House |
| 24:26 | Build | House |
| 24:27 | Build | House |
| 24:28 | Build | House |
| 24:31 | Build | House |
| 24:31 | Build | House |
| 24:32 | Build | House |
| 24:35 | Build | Farm |
| 24:37 | Create | Villager (Male) |
| 24:45 | Create | Villager (Male) |
| 24:46 | Create | Villager (Male) |
| 24:47 | Create | Villager (Male) |
| 24:56 | Create | Villager (Male) |
| 24:59 | Build | Farm |
| 25:12 | Build | Stone Wall |
| 25:12 | Build | Stone Wall |
| 25:19 | Build | Gate |
| 25:20 | Create | Villager (Male) |
| 25:21 | Create | Villager (Male) |
| 25:24 | Build | Farm |
| 25:30 | Create | Villager (Male) |
| 25:43 | Create | Villager (Male) |
| 25:46 | Create | Villager (Male) |
| 25:47 | Create | Villager (Male) |
| 25:50 | Build | Farm |
| 25:59 | Build | House |
| 26:06 | Build | House |
| 26:14 | Build | House |
| 26:17 | Build | Farm |
| 26:18 | Create | Villager (Male) |
| 26:19 | Create | Villager (Male) |
| 26:20 | Create | Villager (Male) |
| 26:21 | Create | Villager (Male) |
| 26:32 | Research | Wheelbarrow |
| 26:51 | Build | Farm |
| 26:54 | Create | Villager (Male) |
| 26:55 | Create | Villager (Male) |
| 27:04 | Create | Villager (Male) |
| 27:06 | Create | Villager (Male) |
| 27:16 | Build | Farm |
| 27:27 | Create | Villager (Male) |
| 27:38 | Build | Farm |
| 27:44 | Create | Villager (Male) |
| 27:45 | Create | Villager (Male) |
| 27:47 | Create | Villager (Male) |
| 27:48 | Create | Villager (Male) |
| 27:49 | Create | Villager (Male) |
| 28:06 | Build | Farm |
| 28:14 | Research | Hand Cart |
| 28:27 | Build | Farm |
| 28:33 | Build | Farm |
| 28:35 | Create | Villager (Male) |
| 28:35 | Create | Villager (Male) |
| 28:45 | Build | Castle |
| 28:54 | Build | Stone Wall |
| 28:55 | Build | Stone Wall |
| 28:57 | Build | Stone Wall |
| 29:01 | Build | Gate |
Build order — Kacanovskis_LV
5 actions detected in the replay
| 0:02 | Create | Villager (Male) |
| 0:02 | Create | Villager (Male) |
| 0:02 | Create | Villager (Male) |
| 0:05 | Build | House |
| 0:07 | Build | House |
Build order — Bourny96
First 150 of 274 actions detected
| 0:10 | Build | House |
| 0:11 | Build | House |
| 0:13 | Research | Loom |
| 0:14 | Create | Villager (Male) |
| 0:14 | Create | Villager (Male) |
| 0:14 | Create | Villager (Male) |
| 0:15 | Create | Villager (Male) |
| 2:58 | Create | Villager (Male) |
| 3:27 | Build | Palisade Wall |
| 3:31 | Build | Palisade Wall |
| 3:58 | Create | Villager (Male) |
| 3:58 | Create | Villager (Male) |
| 4:20 | Build | House |
| 4:28 | Build | House |
| 4:54 | Create | Villager (Male) |
| 4:54 | Create | Villager (Male) |
| 5:30 | Create | Villager (Male) |
| 5:30 | Create | Villager (Male) |
| 5:39 | Build | Mill |
| 6:30 | Build | House |
| 7:01 | Create | Villager (Male) |
| 7:01 | Create | Villager (Male) |
| 7:01 | Create | Villager (Male) |
| 7:01 | Create | Villager (Male) |
| 7:39 | Build | Mill |
| 7:44 | Create | Villager (Male) |
| 7:45 | Create | Villager (Male) |
| 8:29 | Create | Villager (Male) |
| 8:51 | Build | Lumber Camp |
| 9:55 | Create | Villager (Male) |
| 9:55 | Create | Villager (Male) |
| 9:56 | Create | Villager (Male) |
| 9:56 | Create | Villager (Male) |
| 9:56 | Create | Villager (Male) |
| 10:44 | Create | Villager (Male) |
| 10:57 | Build | Mining Camp |
| 11:43 | Build | Mining Camp |
| 12:33 | Research | Feudal Age |
| 12:38 | Build | House |
| 12:40 | Build | House |
| 14:15 | Build | Mill |
| 14:23 | Create | Villager (Male) |
| 14:25 | Create | Villager (Male) |
| 15:02 | Build | Market |
| 15:28 | Build | Stone Wall |
| 15:36 | Build | Stone Wall |
| 15:55 | Build | Blacksmith |
| 17:09 | Research | Castle Age |
| 17:24 | Research | Double-Bit Axe |
| 17:49 | Build | Gate |
| 18:07 | Build | Mill |
| 19:15 | Create | Villager (Male) |
| 19:15 | Create | Villager (Male) |
| 19:15 | Create | Villager (Male) |
| 19:55 | Build | Town Center |
| 20:16 | Build | Town Center |
| 21:07 | Build | Monastery |
| 21:14 | Build | University |
| 21:24 | Research | Horse Collar |
| 21:27 | Create | Villager (Male) |
| 21:27 | Create | Villager (Male) |
| 21:28 | Create | Villager (Male) |
| 21:28 | Create | Villager (Male) |
| 21:34 | Create | Villager (Male) |
| 21:35 | Create | Villager (Male) |
| 21:35 | Create | Villager (Male) |
| 21:58 | Create | Villager (Male) |
| 22:04 | Create | Monk |
| 22:27 | Build | Farm |
| 22:29 | Build | Farm |
| 22:35 | Build | Farm |
| 22:42 | Create | Villager (Male) |
| 22:51 | Build | Farm |
| 23:03 | Build | Barracks |
| 23:19 | Build | Farm |
| 23:28 | Create | Villager (Male) ×4 |
| 23:42 | Build | Farm |
| 23:43 | Build | Farm |
| 23:46 | Build | Farm |
| 23:54 | Build | Farm |
| 24:20 | Build | Stable |
| 24:21 | Build | Stable |
| 24:37 | Build | Farm |
| 24:39 | Build | Farm |
| 24:45 | Build | Farm |
| 24:46 | Build | Farm |
| 24:46 | Build | Farm |
| 24:47 | Build | Farm |
| 24:48 | Build | Farm |
| 24:49 | Build | Farm |
| 24:54 | Create | Villager (Male) ×5 |
| 24:58 | Create | Villager (Male) |
| 25:29 | Build | House |
| 25:31 | Build | House |
| 25:32 | Build | House |
| 25:33 | Build | House |
| 25:35 | Build | House |
| 25:46 | Build | Castle |
| 26:15 | Research | Wheelbarrow |
| 26:17 | Create | Villager (Male) ×3 |
| 26:45 | Research | Scale Barding Armor |
| 26:57 | Build | Farm |
| 27:03 | Research | Heavy Plow |
| 27:24 | Build | Farm |
| 27:42 | Research | Bloodlines |
| 27:43 | Create | Camel Scout ×2 |
| 27:56 | Build | Archery Range |
| 28:07 | Build | Farm |
| 28:08 | Build | Farm |
| 28:15 | Create | Villager (Male) ×3 |
| 28:21 | Build | House |
| 28:23 | Build | House |
| 28:35 | Build | Farm |
| 28:44 | Create | Villager (Male) ×5 |
| 29:42 | Build | Castle |
| 29:51 | Build | Farm |
| 29:52 | Build | Farm |
| 29:53 | Build | Farm |
| 29:58 | Create | Villager (Male) ×5 |
| 30:00 | Create | Villager (Male) ×5 |
| 30:07 | Create | Villager (Male) ×3 |
| 30:18 | Create | Camel Scout ×2 |
| 30:31 | Create | Camel Archer ×5 |
| 30:55 | Build | Farm |
| 30:56 | Build | Farm |
| 31:08 | Build | Lumber Camp |
| 31:40 | Build | Farm |
| 31:43 | Create | Villager (Male) ×5 |
| 31:48 | Create | Villager (Male) ×5 |
| 32:08 | Build | Mining Camp |
| 32:16 | Build | Farm |
| 32:17 | Build | Farm |
| 32:24 | Build | House |
| 32:25 | Build | House |
| 32:27 | Build | House |
| 32:29 | Build | House |
| 33:26 | Research | Imperial Age |
| 33:40 | Create | Camel Scout ×5 |
| 33:50 | Create | Camel Archer ×5 |
| 34:14 | Research | Thumb Ring |
| 34:53 | Build | Barracks |
| 34:54 | Build | Barracks |
| 34:57 | Build | Barracks |
| 35:13 | Build | Castle |
| 35:22 | Build | Farm |
| 35:31 | Research | Fletching |
| 35:32 | Research | Chain Barding Armor |
| 35:34 | Research | Scale Mail Armor |
| 36:03 | Research | Bodkin Arrow |
| 36:11 | Research | Hand Cart |
Match timeline
| 0:18 | Kacanovskis_LV · resign |
| 1:20 | frizboum · wall_segment Palisade Wall x13 |
| 1:52 | raybae2000 · wall_segment Palisade Wall x8 |
| 3:27 | Bourny96 · wall_segment Palisade Wall x7 |
| 3:31 | Bourny96 · wall_segment Palisade Wall x1 |
| 13:26 | raybae2000 · first_building Barracks |
| 15:28 | Bourny96 · wall_segment Stone Wall x5 |
| 15:36 | Bourny96 · wall_segment Stone Wall x9 |
| 16:56 | raybae2000 · first_market_buy 100 food |
| 20:24 | frizboum · first_market_buy 100 wood |
| 21:07 | Bourny96 · first_building Monastery |
| 23:03 | Bourny96 · first_building Barracks |
| 23:20 | frizboum · first_building Siege Workshop |
| 24:20 | Bourny96 · first_building Stable |
| 25:12 | raybae2000 · wall_segment Stone Wall x7 |
| 25:12 | raybae2000 · wall_segment Stone Wall x1 |
| 25:46 | Bourny96 · first_building Castle |
| 26:59 | frizboum · wall_segment Stone Wall x14 |
| 27:56 | Bourny96 · first_building Archery Range |
| 27:59 | frizboum · first_building Barracks |
| 28:27 | frizboum · first_building Monastery |
| 28:45 | raybae2000 · first_building Castle |
| 28:54 | raybae2000 · wall_segment Stone Wall x5 |
| 28:55 | raybae2000 · wall_segment Stone Wall x5 |
| 28:57 | raybae2000 · wall_segment Stone Wall x4 |
| 30:53 | frizboum · first_market_sell 100 wood |
| 35:53 | frizboum · wall_segment Stone Wall x18 |
| 41:57 | frizboum · wall_segment Stone Wall x8 |
| 42:03 | frizboum · wall_segment Stone Wall x7 |
| 44:18 | Bourny96 · wall_segment Stone Wall x16 |
| 44:23 | Bourny96 · wall_segment Stone Wall x18 |
| 44:26 | Bourny96 · wall_segment Stone Wall x18 |
| 44:29 | Bourny96 · wall_segment Stone Wall x17 |
| 44:31 | Bourny96 · wall_segment Stone Wall x17 |
| 45:02 | frizboum · first_building Castle |
[ AI ANALYSIS · 1 CREDIT ]
What really happened in this match?
Wolo.gg analyzes every decision: build order, eco, micro, common mistakes by bracket. Personalized analysis on WhatsApp or Discord in 30 seconds.
Civ guide
Aztecs
Map guide
Black Forest
Perfil
frizboum